[Event "44th Chess Olympiad Open 2022"]
[Site "Chennai"]
[Date "2022.08.08"]
[Round "10.82"]
[White "Righi, Ezio"]
[Black "Ismael Mohamed Goumaneh"]
[Result "1-0"]
[WhiteElo "1912"]
[BlackElo "1473"]
[Annotator "NA RC"]
[PlyCount "107"]
[EventDate "2022.??.??"]
[TimeControl "60"]

1. e4 e5 2. Nf3 Nf6 3. Nxe5 d6 4. Nf3 Nxe4 5. d4 d5 6. Bd3 Be7 7. O-O O-O 8. Re1 Nf6 9. h3 c6 10. Bf4 Nbd7 11. Nbd2 Re8 12. c3 Nf8 13. Qc2 Ne6 14. Be5 g6 15. Bh2 Ng7 16. Ne5 Be6 17. Re2 Nd7 18. Ndf3 Bf8 19. Rae1 f6 20. Ng4 Bxg4 21. hxg4 Rxe2 22. Qxe2 Nb6 23. b3 a5 24. Qd2 a4 25. b4 g5 26. Bc2 Qd7 27. Qd3 Ne8 28.
Nd2 Nd6 29. f3 Re8 30. Rxe8 Nxe8 31. Nf1 Nd6 32. Ne3 Qf7 33. Kf2 a3 34. Bg3 Ndc4 35. Nxc4 Nxc4 36. Bb3 Kg7 37. Bxc4 dxc4 38. Qe4 Qd7 39. Ke2 b6 40. Bf2 b5 41. Be3 h6 42. Bc1 Qc8 43. Kd1 Kf7 44. Kc2 Qa8 45.
Kb1 Qa6 46. f4 Kg7 47. Qe6 Qa8 48. f5 Qa6 49. d5 Qa4 50. dxc6 Bxb4 51. Qd7+ Kg8 52. c7 Bf8 53. c8=Q Qa5 54. Qcc7 1-0

[Event "44th Chess Olympiad Open 2022"]
[Site "Chennai"]
[Date "2022.08.08"]
[Round "10.84"]
[White "Ahmad, Md Siraj Munir"]
[Black "Klaas Tokelo"]
[Result "1-0"]
[WhiteElo "2035"]
[BlackElo "1812"]
[Annotator "NA RC"]
[PlyCount "91"]
[EventDate "2022.??.??"]
[TimeControl "60"]

1. e4 c5 2. Nf3 Nc6 3. Bb5 g6 4. Bxc6 dxc6 5. O-O Bg7 6.
d3 Nf6 7. Nc3 O-O 8. Be3 b6 9. h3 Qc7 10. Qd2 e5 11. a4 a5 12. Nh2 Nh5 13.
Ne2 Be6 14. g4 Nf6 15. f4 exf4 16. Bxf4 Qd7 17. Bh6 Ne8 18. Bxg7 Kxg7 19. Qc3+ Kg8 20. Nf3 Rd8 21. Rf2 Qe7 22. Raf1 f6 23. Ng5 Bf7 24. Nxf7 Rxf7 25. e5 Rd5 26. exf6 Qe5 27. Qxe5 Rxe5 28. Nc3 h6 29. h4 g5 30. hxg5 hxg5 31. Ne4 c4 32. Rf5 Rxf5 33. Rxf5 cxd3 34. cxd3 Kf8 35. Kf2 Rd7 36. Nxg5 Nxf6 37. Rxf6+ Kg7 38. Rxc6 Rxd3 39. Rxb6 Rd5 40. Rb5 Rd2+ 41. Ke3 Rg2 42. Kf4 Rf2+ 43. Nf3 Rc2 44. Kg5 Rf2 45. Ne5 Kf8 46. Nc6 1-0

[Event "44th Chess Olympiad Open 2022"]
[Site "Chennai"]
[Date "2022.08.08"]
[Round "10.84"]
[White "Khalema, Sechaba"]
[Black "Yussof, Pg Abd Rahman"]
[Result "1-0"]
[WhiteElo "1790"]
[BlackElo "1804"]
[Annotator "NA RC"]
[PlyCount "69"]
[EventDate "2022.??.??"]
[TimeControl "60"]

1. d4 d5 2. c4 c6 3. cxd5 cxd5 4. Bf4 Nc6 5. e3 e6 6. Bd3 Nf6 7. Ne2 Be7 8. Nbc3 a6 9. O-O O-O 10. Rc1 Nh5 11. Bb1 f5 12. h3 Qe8 13.
Kh1 Kh8 14. Bh2 Bg5 15. f4 Be7 16. g4 fxg4 17. hxg4 Nf6 18. Rg1 Bd7 19. Ng3 e5 20. f5 exd4 21. exd4 Qf7 22. Nge2 b5 23. Nf4 Na5 24. Qf3 Nc4 25. Rg2 Bd6 26. Ng6+ Kg8 27. Nxf8 Kxf8 28. Re1 b4 29. Nd1 Bxh2 30. Rxh2 Bc6 31. g5 Ng8 32. Rh4 h6 33. Rxh6 Nd2 34. Rh7 Nc4 35. Qf4 1-0

[Event "44th Chess Olympiad Open 2022"]
[Site "Chennai"]
[Date "2022.08.08"]
[Round "10.84"]
[White "Sharikhan, Shawal"]
[Black "Ntsonyana, Bahlakoana"]
[Result "0-1"]
[WhiteElo "1789"]
[BlackElo "1454"]
[Annotator "NA RC"]
[PlyCount "87"]
[EventDate "2022.??.??"]
[TimeControl "60"]

1. Nf3 Nf6 2. c4 c5 3. Nc3 Nc6 4. d4 cxd4 5. Nxd4 e6 6. Ndb5 a6 7. Nd6+ Bxd6 8. Qxd6 Qe7 9. Qxe7+ Kxe7 10. Bg5 h6 11. Bh4 g5 12. Bg3 Nh5 13. Bc7 f5 14. O-O-O Ra7 15. Bb6 Ra8 16. e4 Re8 17. g3 fxe4 18. Nxe4 d5 19. Bc5+ Kd8 20. Nd6 Rg8 21. Bg2 d4 22. Bxc6 bxc6 23. Bxd4 Kc7 24. c5 a5 25. h4 g4 26. Rhe1 Bd7 27. Be5 Rgf8 28.
Rd2 Kd8 29. Red1 Ra7 30. Nc4 Rf5 31. Bd6 Nf6 32. Ne5 Ne4 33.
Re2 Nxf2 34. Rd4 h5 35. Nc4 Nh3 36. Bb8 Rb7 37. Nxa5 Rxc5+ 38. Nc4 Rxb8 39. Rxe6 Rxc4+ 40. Rxc4 Bxe6 41. Rd4+ Kc7 42. Ra4 Rb5 43. a3 Bb3 44. Re4 0-1

[Event "44th Chess Olympiad Open 2022"]
[Site "Chennai"]
[Date "2022.08.08"]
[Round "10.86"]
[White "Marie, Patrick"]
[Black "Stanley, Samson P."]
[Result "1-0"]
[WhiteElo "1921"]
[BlackElo "1877"]
[Annotator "NA RC"]
[PlyCount "25"]
[EventDate "2022.??.??"]
[TimeControl "60"]

1. e4 e6 2. d4 d5 3. Nd2 Nf6 4. e5 Bb4 5. exf6 Bxd2+ 6. Bxd2 gxf6 7. Nf3 Nc6 8. Bb5 O-O 9. Bh6 a6 10. Bxc6 bxc6 11. Ne5 fxe5 12. Qg4+ Kh8 13. Qg7# 1-0

[Event "44th Chess Olympiad Open 2022"]
[Site "Chennai"]
[Date "2022.08.08"]
[Round "10.87"]
[White "Mimbasa Kutesa, Willy"]
[Black "Bansal, Nayan"]
[Result "1-0"]
[WhiteElo "1755"]
[BlackElo "1444"]
[Annotator "NA RC"]
[PlyCount "61"]
[EventDate "2022.??.??"]
[TimeControl "60"]

1. d4 d5 2. c4 Nf6 3. Nc3 Bf5 4. Qb3 Nc6 5. Nf3 Na5 6. Qa4+ c6 7. cxd5 Nxd5 8. Nxd5 Qxd5 9. e3 b6 10. Bd2 Nb7 11. Ne5 Bd7 12. Bc4 Qxg2 13.
Bxf7+ Kd8 14. O-O-O a5 15. f3 b5 16. Qc2 Qh3 17. Kb1 Rc8 18.
Bb3 Be6 19. e4 Bxb3 20. Qxb3 a4 21. Qc2 Ke8 22. Nxc6 e6 23.
d5 exd5 24. exd5 Bd6 25. Qe4+ Kd7 26. Rhg1 g6 27. Bc3 Rce8 28. Qd3 Nc5 29. Qxb5 Qf5+ 30. Ka1 Nb3+ 31. axb3 1-0

[Event "44th Chess Olympiad Open 2022"]
[Site "Chennai"]
[Date "2022.08.08"]
[Round "10.87"]
[White "Masiala Mayuku, Eddy"]
[Black "Hair, Justin M"]
[Result "1-0"]
[WhiteElo "1574"]
[BlackElo "1505"]
[Annotator "NA RC"]
[PlyCount "95"]
[EventDate "2022.??.??"]
[TimeControl "60"]

1. d4 Nf6 2. Nf3 e6 3. g3 d5 4. Bg2 c5 5. c3 Bd7 6. O-O Nc6 7. Re1 Be7 8. Nbd2 O-O 9. e4 cxd4 10. cxd4 dxe4 11. Nxe4 Rc8 12. b3 Nb4 13. Re2 Bb5 14. Nxf6+ Bxf6 15. Rd2 Nd5 16. Bb2 Qd6 17. a3 Rc7 18. Rc1 Rfc8 19. Rdc2 Qb6 20. Qd2 Bc6 21. b4 Ba4 22. Rc5 Qd6 23. h4 b6 24. Rxc7 Rxc7 25. Ne5 Rxc1+ 26. Qxc1 Ne7 27. f4 Nf5 28. Qc3 h5 29. Kh2 Bb5 30. Be4 g6 31. Qc8+ Qd8 32. Qxd8+ Bxd8 33. Bxf5 gxf5 34. Nf3 Bf6 35. Kg1 Kf8 36. Kf2 Ke7 37. Ke3 Kd6 38. Bc3 Kd5 39. Nd2 Kc6 40. Bb2 Ba6 41. a4 Kd5 42. Bc3 Bb7 43.
Kd3 Ba6+ 44. b5 Bb7 45. Nc4 Be7 46. Ne5 f6 47. Ng6 Bc8 48.
Nxe7+ 1-0

[Event "44th Chess Olympiad Open 2022"]
[Site "Chennai"]
[Date "2022.08.08"]
[Round "10.88"]
[White "Escalante Ramirez, Brian Sebasti"]
[Black "Montel Jr, Cyril Tomas"]
[Result "1-0"]
[WhiteElo "2496"]
[BlackElo "1827"]
[Annotator "RC"]
[PlyCount "91"]
[EventDate "2022.??.??"]
[TimeControl "60"]

1. c4 e5 2. Nc3 Nf6 3. g3 Nc6 4. Bg2 Bb4 5. e3 Bxc3 6. bxc3 d6 7. Rb1 O-O 8. Ne2 e4 9. O-O Ne5 10. Nd4 c5 11. Nb5 Nxc4 12. d3 exd3 13.
Qxd3 d5 14. Rd1 Ne5 15. Qe2 Bf5 16. Rb2 a6 17. Na3 b5 18.
Rbd2 Ne4 19. Rc2 c4 20. f3 Nf6 21. e4 Be6 22. exd5 Bf5 23.
Qxe5 Bxc2 24. Nxc2 Re8 25. Qd4 Re2 26. Nb4 Qe7 27. Bg5 Re1+ 28.
Bf1 Re8 29. d6 Qe2 30. Rxe1 Qxe1 31. Bxf6 gxf6 32. d7 Rd8 33. Nc6 Rxd7 34. Qxd7 Qxc3 35. Ne7+ Kf8 36. Nf5 Qe5 37. Qd8+ Qe8 38. Qxe8+ Kxe8 39. Nd6+ Ke7 40. Nxc4 bxc4 41. Bxc4 a5 42. a4 f5 43. Kf2 f6 44. Ke3 Kd6 45. Kf4 Kc5 46. Bb5 1-0

[Event "44th Chess Olympiad Open 2022"]
[Site "Chennai"]
[Date "2022.08.08"]
[Round "10.88"]
[White "Tan, Santiago Jr"]
[Black "Enemchukwu Chinedu Benjamin"]
[Result "0-1"]
[WhiteElo "1872"]
[BlackElo "1889"]
[Annotator "NA RC"]
[PlyCount "98"]
[EventDate "2022.??.??"]
[TimeControl "60"]

1. e4 c5 2. Nf3 d6 3. c3 Nf6 4. h3 g6 5. d3 Bg7 6. Be2 Nc6 7. Be3 O-O 8. Nbd2 a6 9. Rc1 b5 10. a3 Bb7 11. O-O e5 12. Re1 Re8 13. Nf1 Nh5 14. Qd2 Rc8 15.
g4 Nf6 16. Ng3 Qd7 17. Kg2 Nd8 18. g5 Nh5 19. Nxh5 gxh5 20. Nh4 d5 21. Qc2 f5 22. Bxh5 dxe4 23. Qb3+ Re6 24. dxe4 c4 25. Rcd1 Bxe4+ 26. f3 Bd3 27. Qa2 Rd6 28. Qa1 Ne6 29. g6 h6 30. Qc1 Qe7 31. Rxd3 Rxd3 32. Nxf5 Qf6 33. Ng3 Nf4+ 34. Bxf4 exf4 35. Ne4 Qh4 36. Bg4 Rf8 37. Rf1 h5 38. Be6+ Kh8 39. Bf7 Rfd8 40. Qc2 Be5 41. a4 Kg7 42. axb5 axb5 43. Qf2 Qe7 44. Re1 Bb8 45. Qc5 Rd2+ 46. Kf1 Qh4 47. Nxd2 Qxh3+ 48. Kg1 Rxd2 49. Re2 Rd1+ 0-1

[Event "44th Chess Olympiad Open 2022"]
[Site "Chennai"]
[Date "2022.08.08"]
[Round "10.89"]
[White "Ramachandran, R..."]
[Black "Dabuae, David"]
[Result "0-1"]
[WhiteElo "1994"]
[BlackElo "1707"]
[Annotator "NA RC"]
[PlyCount "60"]
[EventDate "2022.??.??"]
[TimeControl "60"]

1. d4 Nf6 2. Bf4 d6 3. e3 c6 4. Nf3 h6 5. h3 g5 6. Bh2 Bg7 7. Bd3 Qa5+ 8. Nbd2 h5 9. c3 g4 10. hxg4 hxg4 11. Nc4 Qd5 12. Qe2 gxf3 13. gxf3 b5 14. Nd2 Bh3 15. c4 bxc4 16. Bxc4 Qa5 17. O-O-O Bg2 18. Nb3 Qf5 19. Nd2 Bxh1 20. Rxh1 Nbd7 21. Qf1 Rb8 22. Rg1 Bf8 23. Bd3 Qa5 24. a3 Rxh2 25. Ne4 d5 26. Nc3 e5 27. Bf5 Bxa3 28.
Bxd7+ Kxd7 29. Nd1 Bxb2+ 30. Nxb2 Qa1+ 0-1

[Event "44th Chess Olympiad Open 2022"]
[Site "Chennai"]
[Date "2022.08.08"]
[Round "10.89"]
[White "Depaune, Ricko"]
[Black "Stratonowitsch, Andre"]
[Result "0-1"]
[WhiteElo "1726"]
[BlackElo "2142"]
[Annotator "NA RC"]
[PlyCount "106"]
[EventDate "2022.??.??"]
[TimeControl "60"]

1. e4 c5 2. Nf3 Nc6 3. c3 d5 4. exd5 Qxd5 5. d4 Bg4 6. Be2 cxd4 7. cxd4 e6 8. Nc3 Qd6 9. Be3 Nf6 10. O-O Be7 11. Rc1 O-O 12. h3 Bh5 13.
Qd2 Nb4 14. Nb5 Qd8 15. Nc3 Rc8 16. g4 Bg6 17. Ne5 Ne4 18.
Nxe4 Bxe4 19. a3 Nc6 20. f4 Bd6 21. Bf3 Bxf3 22. Nxf3 Ne7 23. Rce1 Nd5 24. Ng5 Be7 25. Ne4 Qb6 26. Re2 Rc4 27. Rd1 Rd8 28.
Bf2 Qb3 29. Ng3 Rdc8 30. f5 Rc2 31. Qd3 Qxd3 32. Rxd3 Nf4 33. Rxc2 Rxc2 34. Rb3 Nxh3+ 35. Kg2 Nxf2 36. Rxb7 Nxg4+ 37. Kf3 Nh2+ 38. Ke3 Bf8 39. fxe6 fxe6 40. Kd3 Rg2 41. Ne4 Nf3 42. b4 Ng5 43. a4 Nxe4 44. Kxe4 a6 45. b5 axb5 46. axb5 Rg5 47. Rb8 Kf7 48. b6 Rb5 49. Kd3 Be7 50. b7 h5 51. Kc4 Rb4+ 52. Kc3 h4 53.
Rh8 Rxb7 0-1

[Event "44th Chess Olympiad Open 2022"]
[Site "Chennai"]
[Date "2022.08.08"]
[Round "10.90"]
[White "Koumba, Mounguen Jose Evrar"]
[Black "Senglek, Khonsavanh"]
[Result "1-0"]
[WhiteElo "1942"]
[BlackElo "1253"]
[Annotator "NA RC"]
[PlyCount "77"]
[EventDate "2022.??.??"]
[TimeControl "60"]

1. e4 c5 2. Nf3 Nc6 3. d4 cxd4 4. Nxd4 Nxd4 5. Qxd4 e6 6.
Nc3 a6 7. Bf4 Ne7 8. O-O-O Nc6 9. Qe3 b5 10. e5 Qa5 11. Kb1 Bb7 12. Qg3 Nb4 13. Be2 Rc8 14. a3 Nd5 15. Nxd5 Bxd5 16. Bf3 Qc7 17. Rd2 Bb7 18. Rhd1 Bc6 19. c3 h6 20. Bxc6 dxc6 21. h4 g6 22. Qe3 c5 23. Qe4 Bg7 24. Rd7 Qxd7 25. Rxd7 Kxd7 26. Qb7+ Rc7 27. Qxa6 Rb8 28. Qd6+ Kc8 29. Be3 Rbb7 30. Bxc5 Rd7 31. Qc6+ Kd8 32. Bb6+ Rxb6 33. Qxb6+ Kc8 34. Qxb5 Rb7 35. Qe8+ Kc7 36.
Qxf7+ Kb8 37. Qxe6 Ka7 38. f4 Bf8 39. Ka2 1-0